 Dungeon Sprint DCSS version 0.23-a0-26-g9187234747 (webtiles) character file.

394 GordonOverkill the Prestidigitator (level 6, -1/51 HPs)
             Began as a Ghoul Monk on Aug 3, 2018.
             Was a Believer of Okawaru.
             Slain by a queen bee (15 damage)
             ... in the Dungeon (Sprint IV: "Fedhas' Mad Dash").
             The game lasted 00:02:54 (1323 turns).

GordonOverkill the Prestidigitator (Ghoul Monk)     Turns: 1323, Time: 00:02:55

Health: -1/51      AC:  4    Str: 17    XL:     6   Next: 82%
Magic:  12/12      EV: 12    Int:  5    God:    Okawaru [**....]
Gold:   10         SH:  0    Dex: 11    Spells: 5/5 levels left

rFire    . . .     SeeInvis .     - Unarmed
rCold    + . .     Gourm    .   (no shield)
rNeg     + + +     Faith    .   i - +0 leather armour
rPois    ∞         Spirit   .   (no helmet)
rElec    .         Reflect  .   (no cloak)
rCorr    .         Harm     .   (no gloves)
MR       .....     NoTele   +   d - +0 pair of boots
Stlth    ++........             a - amulet of invisibility {+Inv}
HPRegen  0.00/turn              (no ring)
MPRegen  0.13/turn              (no ring)

@: very slightly contaminated, rotting, hasted, invisible, very quick
A: rotting body, claws 1, carnivore, cold resistance 1, negative energy
resistance 3, inhibited regeneration, torment resistance, unbreathing
a: Heroism, Renounce Religion


You were in the Dungeon.
You worshipped Okawaru.
Okawaru was pleased with you.
You were not hungry.

You visited 1 branch You collected 109 gold pieces.
You spent 99 gold pieces at shops.

Inventory:

Armour
 d - a +0 pair of boots (worn)
 i - a +0 leather armour (worn)
Jewellery
 a - the amulet of invisibility (around neck) {+Inv}
   (You found it in the Dungeon)

   [amulet of nothing]

   It lets you turn invisible.
Scrolls
 h - a scroll of blinking
Potions
 c - a potion of curing
 f - 2 potions of magic
 g - a potion of berserk rage


   Skills:
 - Level 3.2 Fighting
 - Level 2.6 Dodging
 - Level 2.1 Stealth
 + Level 9.8 Unarmed Combat
 - Level 10.3 Evocations


You had 5 spell levels left.
You didn't know any spells.
Your spell library was empty.

Dungeon Overview and Level Annotations

Branches:
Dungeon (1/1)

Altars:
Cheibriados
Dithmenos
Elyvilon
Gozag
Hepliaklqana
Kikubaaqudgha
Makhleb
Nemelex Xobeh
Okawaru
Qazlal
Ru
Sif Muna
Trog
Uskayaw
Vehumet
Wu Jian
Xom
Yredelemnul
Zin
The Shining One
Beogh
Jiyva
Lugonu

Shops:
D ?[


Innate Abilities, Weirdness & Mutations

Your body is rotting away.
You thrive on raw meat.
You are immune to poison.
You have sharp fingernails.
You are carnivorous and can eat meat at any time.
Your flesh is cold resistant. (rC+)
You are immune to negative energy. (rN+++)
You do not regenerate when monsters are visible.
You are immune to unholy pain and torment.
You can survive without breathing.


Message History

You catch the helpless killer bee completely off-guard!
You claw the killer bee!
You kill the killer bee!
Okawaru accepts your kill.
Your Unarmed Combat skill increases to level 9!
The killer bee completely misses you.
You aren't carrying any food.
You miss the killer bee.
The killer bee is almost dead.
The killer bee stings you.
* * * LOW HITPOINT WARNING * * *
The killer bee barely misses you. x2
You feel yourself speed up. The killer bee stings you.
* * * LOW HITPOINT WARNING * * *
The killer bee barely misses you.
You miss the killer bee. You closely miss the killer bee.
The killer bee stings you but does no damage.
The queen bee stings you!
You die...

######################
#<..P#.....#.....#.⌠._
#PP..'.[...'.#.).'.._.
#PPPP#.....#.#...#..._
###############'##.._.
#...♣@.......'...#._._
#%..yy.♣.....#...#####
#...y.♣..♣..######
##+####+#####


You could see a queen bee and 2 killer bees.

Vanquished Creatures
  2 scorpions (D)
  2 killer bees (D)
  4 oklob saplings (D)
  A worker ant (D)
  2 spriggans (D)
  A river rat (D)
  A rat (D)
13 creatures vanquished.

Notes
Turn   | Place    | Note
-------+----------+-------------------------------------------
     0 | D        | GordonOverkill the Ghoul Monk began the quest for the Orb.
     0 | D        | Reached XP level 1. HP: 19/19 MP: 0/0
    24 | D        | Reached skill level 5 in Unarmed Combat
    24 | D        | Reached XP level 2. HP: 26/26 MP: 1/1
    55 | D        | Noticed an oklob sapling
    62 | D        | Killed an oklob sapling
    62 | D        | Reached XP level 3. HP: 31/31 MP: 2/2
    65 | D        | Found the amulet of invisibility {+Inv}
    73 | D        | Reached XP level 4. HP: 32/38 MP: 3/3
   123 | D        | Reached skill level 3 in Evocations
   146 | D        | Found an opulent altar of Gozag.
   146 | D        | Found a hazy altar of Hepliaklqana.
   146 | D        | Found a roughly hewn altar of Beogh.
   146 | D        | Found a snail-covered altar of Cheibriados.
   148 | D        | Found a viscous altar of Jiyva.
   148 | D        | Found a burning altar of Makhleb.
   148 | D        | Found a sparkling altar of Nemelex Xobeh.
   148 | D        | Found a sacrificial altar of Ru.
   148 | D        | Found a deep blue altar of Sif Muna.
   148 | D        | Found a bloodstained altar of Trog.
   148 | D        | Found an ornate altar of the Wu Jian Council.
   148 | D        | Found a shimmering altar of Xom.
   148 | D        | Found a basalt altar of Yredelemnul.
   148 | D        | Noticed an oklob sapling priest
   149 | D        | Found an iron altar of Okawaru.
   149 | D        | Found a shadowy altar of Dithmenos.
   149 | D        | Found a glowing silver altar of Zin.
   150 | D        | Found an ancient bone altar of Kikubaaqudgha.
   150 | D        | Found a hide-covered altar of Uskayaw.
   151 | D        | Found a stormy altar of Qazlal.
   151 | D        | Found a white marble altar of Elyvilon.
   151 | D        | Found a glowing golden altar of the Shining One.
   152 | D        | Found a corrupted altar of Lugonu.
   152 | D        | Found a radiant altar of Vehumet.
   163 | D        | Killed an oklob sapling priest
   163 | D        | Reached skill level 5 in Evocations
   163 | D        | Reached XP level 5. HP: 10/45 MP: 4/8
   393 | D        | Became a worshipper of Warmaster Okawaru
   393 | D        | Reached * piety under Okawaru
   393 | D        | Reached ** piety under Okawaru
   540 | D        | Reached skill level 7 in Evocations
   828 | D        | Reached skill level 8 in Evocations
   834 | D        | Reached skill level 9 in Evocations
   834 | D        | Reached XP level 6. HP: 13/49 MP: 6/11
  1036 | D        | Found Folum's Antique Armour Shop.
  1037 | D        | Found Kaodum's Magic Scroll Emporium.
  1041 | D        | Bought a pair of boots for 99 gold pieces
  1049 | D        | Noticed a burning bush
  1049 | D        | Noticed a wandering mushroom
  1122 | D        | Noticed a wandering mushroom
  1302 | D        | Noticed a queen bee
  1311 | D        | Reached skill level 10 in Evocations
  1323 | D        | Slain by a queen bee

Vault maps used:
D:        dungeon_sprint_fedhas

Skill      XL: |  1  2  3  4  5  6 |
---------------+-------------------+-----
Unarmed Combat | 5 7 8 9 |  9.8
Evocations     | 5 9 10 | 10.3
Fighting       | |  3.2
Dodging        | |  2.6
Stealth        | |  2.1

Action                   |  1- 3 |  4- 6 || total
-------------------------+-------+-------++-------
Melee: Unarmed           |    32 |    42 ||    74
       Punch             |     1 |     4 ||     5
Invok: Heroism           |       |     1 ||     1
 Abil: Evoke Invisibilit |       |     6 ||     6
  Use: Potion            |     1 |     1 ||     2
 Stab: Sleeping          |     1 |     2 ||     3
       Invisible         |       |     4 ||     4
  Eat: Chunk             |       |     4 ||     4
       Ration            |       |     1 ||     1
Armor: Robe              |     2 |       ||     2
       Leather armour    |       |     2 ||     2
Dodge: Dodged            |    12 |    26 ||    38

Table legend:
 A = Spawn XP
 B = Non-spawn XP
 C = Spawn XP percentage of total XP
 D = Spawn monster count
 E = Non-spawn monster count
 F = Spawn count percentage of total count
 G = Total turns spent on level
                    A         B        C        D         E        F      G
               +---------+---------+-------+---------+---------+-------+---------
         Total |       0 |     564 |   0.0 |       0 |      13 |   0.0 |  1323
               +---------+---------+-------+---------+---------+-------+---------
             D |       0 |     564 |   0.0 |       0 |      13 |   0.0 |  1323
               +---------+---------+-------+---------+---------+-------+---------
